 Dungeon Sprint DCSS version 0.31-a0-662-g684573625c (webtiles) character file.

Game seed: 5398094456110747572

2788 dialectric the Imperceptible (level 9, -8/49 HPs)
             Began as a Spriggan Brigand on Sept 1, 2023.
             Was a Believer of Dithmenos.
             Mangled by a flying skull (13 damage)
             ... in the Dungeon (Sprint II: "The Violet Keep of Menkaure").
             The game lasted 00:01:50 (266 turns).

dialectric the Imperceptible (Spriggan Brigand)      Turns: 266, Time: 00:01:51

Health: -8/49      AC:  3    Str:  5    XL:     9   Next: 43%
Magic:  10/10      EV: 23    Int: 12    God:    Dithmenos [**....]
Gold:   891        SH:  0    Dex: 21    Spells: 8/8 levels left

rFire   . . .        a - +2 dagger
rCold   . . .        (no shield)
rNeg    . . .        b - +0 robe
rPois   .            (helmet restricted)
rElec   .            c - +0 cloak
rCorr   .            (gloves unavailable)
SInv    +            (boots unavailable)
Will    +....        (no amulet) Stlth **++++++++
                     (no ring)
HPRegen 0.28/turn    (no ring)
MPRegen 0.12/turn

%: no teleportation, clarity
@: wreathed by umbra, very quick
A: very small, no large weapons, unfitting armour, see invisible, speed 3,
clarity, weak 1
a: Renounce Religion, Shadow Step


You were in the Dungeon.
You worshipped Dithmenos.
Dithmenos was pleased with you.
You visited 1 branch You collected 891 gold pieces.

Inventory:

Hand Weapons
 a - a +2 dagger (weapon)
Missiles
 d - 9 poisoned darts
 e - 3 curare-tipped darts (quivered)
Armour
 b - a +0 robe (worn)
 c - a +0 cloak (worn)
Scrolls
 j - a scroll of silence {unknown}
 k - a scroll of blinking
Potions
 f - a potion of curing
 g - a potion of heal wounds
 h - a potion of haste
 i - 2 potions of magic


   Skills:
 + Level 6.6 Fighting
 + Level 11.4 Short Blades
 - Level 2.8 Throwing
 + Level 7.5 Dodging
 + Level 24.9 Stealth


You had 8 spell levels left.
You didn't know any spells.
Your spell library was empty.

Dungeon Overview and Level Annotations

Branches:
Dungeon (1/1)

Altars:
Cheibriados
Dithmenos
Elyvilon
Fedhas
Gozag
Hepliaklqana
Kikubaaqudgha
Makhleb
Nemelex Xobeh
Okawaru
Qazlal
Ru
Sif Muna
Trog
Uskayaw
Vehumet
Wu Jian
Xom
Yredelemnul
Zin
The Shining One
Jiyva
Lugonu

Shops:
D (=?[::?[!?=


Innate Abilities, Weirdness & Mutations

You are very small and have problems with some larger weapons.
You are too small for most types of armour.
You have supernaturally acute eyesight. (SInv)
You cover ground extremely quickly. (Speed+++)
You possess an exceptional clarity of mind.
You are weak. (Str -2)


Message History

You barely miss the flying skull.
The flying skull is moderately damaged.
You hit the flying skull but do no damage.
The flying skull is moderately damaged.
The flying skull closely misses you.
You hit the flying skull but do no damage.
The flying skull is moderately damaged.
The flying skull hits you.
* * * LOW HITPOINT WARNING * * *
You hit the flying skull.
The flying skull is moderately damaged.
The flying skull closely misses you.
You closely miss the flying skull.
The flying skull is moderately damaged.
The flying skull completely misses you.
You hit the flying skull but do no damage.
The flying skull is moderately damaged.
You barely miss the flying skull.
The flying skull is moderately damaged.
The flying skull completely misses you.
You closely miss the flying skull.
The flying skull is moderately damaged.
The flying skull closely misses you.
You hit the flying skull.
The flying skull is heavily damaged.
The flying skull completely misses you.
You barely miss the flying skull.
The flying skull is heavily damaged.
You hit the flying skull but do no damage.
The flying skull is heavily damaged.
The flying skull closely misses you.
You hit the flying skull.
The flying skull is severely damaged.
The flying skull hits you but does no damage.
You barely miss the flying skull.
The flying skull is severely damaged.
You hit the flying skull but do no damage.
The flying skull is severely damaged.
The flying skull hits you!
You die...

∩.∩.∩.#~##.###†###.##..#.
.∩.∩..#~#...##.###..#..#.
..⌠...'~'.#.'.<.'†##+..##
......#~#.).##.###..#....
▓▓▓▓###~##.###'###.##.§h.
F######~~### ##.####§~...
##3~~# ##.#~~~~~§§ #z#~#
##~~~~§~~ #@#~~#
#~~~≈≈≈~~ ###


°z° ~°~~§§≈≈≈≈ °°#°○°#~≈3≈≈≈ °.°. ##≈§§## . You could see a neqoxec and a flying
skull.

Vanquished Creatures
  3 manticores (D)
  A merfolk siren (D)
  2 unseen horrors (D)
  A blink frog (D)
  A neqoxec (D)
  4 necrophages (D)
  4 scorpions (D)
16 creatures vanquished.

Vanquished Creatures (others)
  Menkaure (D)
  A water moccasin (D)
2 creatures vanquished.

Grand Total: 18 creatures vanquished

Notes
Turn   | Place    | Note
-------+----------+-------------------------------------------
     0 | D        | dialectric the Spriggan Brigand began the quest for the
                  | Orb.
     0 | D        | Reached XP level 1. HP: 10/10 MP: 2/2
     1 | D        | Noticed a necrophage
     1 | D        | Noticed a necrophage
     1 | D        | Noticed a necrophage
     1 | D        | Noticed a necrophage
     6 | D        | Killed a necrophage
     7 | D        | Reached skill level 11 in Stealth
     7 | D        | Reached XP level 2. HP: 16/16 MP: 3/3
     7 | D        | Reached XP level 3. HP: 19/19 MP: 4/4
     9 | D        | Killed a necrophage
    10 | D        | Reached skill level 13 in Stealth
    10 | D        | Reached XP level 4. HP: 23/23 MP: 5/5
    16 | D        | Killed a necrophage
    17 | D        | Reached skill level 15 in Stealth
    17 | D        | Reached XP level 5. HP: 28/28 MP: 6/6
    23 | D        | Reached skill level 5 in Short Blades
    23 | D        | Reached skill level 16 in Stealth
    35 | D        | Killed Menkaure
    40 | D        | Reached XP level 6. HP: 32/32 MP: 7/7
    44 | D        | Reached skill level 17 in Stealth
    47 | D        | Reached skill level 18 in Stealth
    56 | D        | Noticed a neqoxec
    62 | D        | Gained mutation: You possess an exceptional clarity of
                  | mind. [a neqoxec]
    65 | D        | Gained mutation: You are weak. (Str -2) [a neqoxec]
    74 | D        | Gained mutation: You are dopey. (Int -2) [a neqoxec]
    90 | D        | Lost mutation: You are dopey. (Int -2) [a neqoxec]
    98 | D        | Killed a neqoxec
    99 | D        | Reached skill level 19 in Stealth
    99 | D        | Reached XP level 7. HP: 13/38 MP: 8/8
   104 | D        | Noticed a merfolk siren
   107 | D        | Killed a merfolk siren
   108 | D        | Reached skill level 5 in Fighting
   108 | D        | Reached skill level 5 in Dodging
   108 | D        | Reached skill level 20 in Stealth
   121 | D        | Found an iron altar of Okawaru.
   121 | D        | Found a radiant altar of Vehumet.
   121 | D        | Found a glowing silver altar of Zin.
   122 | D        | Found a sparkling altar of Nemelex Xobeh.
   122 | D        | Found a hide-covered altar of Uskayaw.
   123 | D        | Found an opulent altar of Gozag.
   123 | D        | Found a burning altar of Makhleb.
   123 | D        | Found a bloodstained altar of Trog.
   124 | D        | Found a blossoming altar of Fedhas.
   124 | D        | Found a corrupted altar of Lugonu.
   124 | D        | Found a basalt altar of Yredelemnul.
   124 | D        | Found a shimmering blue altar of Sif Muna.
   125 | D        | Found a white marble altar of Elyvilon.
   125 | D        | Found an ancient bone altar of Kikubaaqudgha.
   126 | D        | Found a shadowy altar of Dithmenos.
   126 | D        | Found a viscous altar of Jiyva.
   127 | D        | Found a snail-covered altar of Cheibriados.
   130 | D        | Found a shimmering altar of Xom.
   130 | D        | Found a sacrificial altar of Ru.
   130 | D        | Found a hazy altar of Hepliaklqana.
   131 | D        | Found a glowing golden altar of the Shining One.
   131 | D        | Found an ornate altar of the Wu Jian Council.
   131 | D        | Found a stormy altar of Qazlal.
   137 | D        | Became a worshipper of Dithmenos the Shadowed
   148 | D        | Noticed a manticore
   148 | D        | Noticed a manticore
   148 | D        | Noticed a manticore
   150 | D        | Killed a manticore
   151 | D        | Reached skill level 21 in Stealth
   151 | D        | Reached XP level 8. HP: 25/44 MP: 9/9
   151 | D        | Killed a manticore
   152 | D        | Reached skill level 10 in Short Blades
   152 | D        | Reached skill level 22 in Stealth
   153 | D        | Killed a manticore
   153 | D        | Reached * piety under Dithmenos
   154 | D        | Reached skill level 23 in Stealth
   154 | D        | Reached XP level 9. HP: 28/48 MP: 10/10
   164 | D        | Noticed a deep elf master archer
   167 | D        | Noticed an unseen horror
   167 | D        | Noticed an unseen horror
   169 | D        | Killed an unseen horror
   170 | D        | Reached skill level 24 in Stealth
   171 | D        | Killed an unseen horror
   188 | D        | Noticed a yaktaur
   188 | D        | Noticed a polar bear
   189 | D        | Noticed a polar bear
   189 | D        | Noticed a polar bear
   214 | D        | Found Lecut's Magic Scroll Shop.
   214 | D        | Found Siapn's Antique Armour Boutique.
   214 | D        | Found Izanaok's Distillery.
   214 | D        | Found Jiulanin's Book Boutique.
   214 | D        | Found Tyckaije's Jewellery Shop.
   214 | D        | Found Nicag's Book Boutique.
   214 | D        | Found Inanegot's Magic Scroll Shop.
   214 | D        | Found Ohaceocw's Antique Armour Boutique.
   214 | D        | Found Asewamut's Magic Scroll Boutique.
   215 | D        | Found Xiwuaxaed's Jewellery Shop.
   215 | D        | Found Zaleps's Antique Weapon Boutique.
   215 | D        | Noticed a cane toad
   221 | D        | Reached ** piety under Dithmenos
   266 | D        | Mangled by a flying skull

Illustrated notes

Levels and vault maps discovered:
D:        the_violet_keep_of_menkaure [sprint2_stairs_cluster_1,
          sprint2_shoproom, sprint2_temple, sprint2_basic_supplies,
          sprint2_obstacle_1, sprint2_obstacle_4, sprint2_obstacle_7,
          sprint2_obstacle_6, sprint2_obstacle_5, sprint2_timed_cluster_1,
          sprint2_smallroom_cluster_1, sprint2_smallroom_final_cluster_1,
          sprint2_transparent_cluster_1, sprint2_second_timed_cluster_1,
          sprint2_sniper_area_1, sprint2_heavy_combat_area_1,
          sprint2_mutation_trap_area_1, sprint2_forest_area_1,
          sprint2_light_combat_area_1, sprint2_behind_water_1,
          sprint2_near_end_vault_1]

Skill      XL: |  1  2  3  4  5  6  7  8  9 |
---------------+----------------------------+-----
Fighting       | 2 3 4 5 6 |  6.6
Short Blades   | 3 4 5 7 9 10 11 | 11.4
Stealth        | 11 13 15 16 19 21 23 24 | 24.9
Dodging        | 2 3 4 5 6 7 |  7.5
Throwing       | |  2.8

Action                     |  1- 3 |  4- 6 |  7- 9 || total
---------------------------+-------+-------+-------++-------
  Melee: Dagger            |     7 |    61 |    51 ||   119
         Punch             |     1 |     1 |     1 ||     3
  Throw: Dart              |       |     4 |       ||     4
    Use: Potion            |     1 |       |       ||     1
   Stab: Sleeping          |       |     2 |     7 ||     9
 Armour: Robe              |       |     7 |    12 ||    19
  Dodge: Dodged            |     2 |    26 |    26 ||    54

Table legend: (Time is in decaauts)
 A = Elapsed time spent in this place.
 B = Non-inter-level travel time spent in this place.
 C = Inter-level travel time spent in this place.
 D = Time resting spent in this place.
 E = Time spent auto-exploring this place.
 F = Levels seen in this place.
 G = Mean time per level.
                   A        B        C        D        E       F      G
               +--------+--------+--------+--------+--------+-----+--------+
         Total |    182 |    182 |      0 |      0 |      0 |   1 |  182.0 |
       Dungeon |    182 |    182 |      0 |      0 |      0 |   1 |  182.0 |
               +--------+--------+--------+--------+--------+-----+--------+

Top non-repeatable levels by time:
       D: 182 daAuts
